AoeStats
← Dis

African Clearing

510300086Analyzed
4v4 RM · 3d ago on Sep 30, 2026· 42m 12s· 8 players
Game mode
Random Map
Map size
Large (8 player)
Population
200
Speed
Normal
Resources
Standard
Victory
Conquest
Starting age
Dark Age
Ending age
Imperial Age
RankedLock teamsTeams togetherTeam positionsShared explorationLock speedFull tech treeHidden civsTurbo modeCheats
Victory
Defeat
1388
+13
🇷🇺 Armenians · Russia
1320
+16
🇦🇺 Magyars · Australia
1258
+18
🇷🇺 Spanish · Russia
1193
+20
🇭🇰 Vikings · Hong Kong SAR China
1344
-18
🇭🇰 Varangians · Hong Kong SAR China
1316
-17
🇭🇰 Khitans · Hong Kong SAR China
1307
-17
🇭🇰 Vietnamese · Hong Kong SAR China
1268
-15
AI (HD Version)
3:23 Loom
14:49 Feudal Age
15:26 Double-Bit Axe
22:01 Castle Age
36:58 Bow Saw
40:39 Scale Barding Armor
41:28 Forging
FuNG
10:55 Loom
12:45 Feudal Age
15:50 Fletching
19:50 Castle Age
20:26 Bodkin Arrow
23:00 Double-Bit Axe
23:36 Crossbowman
31:12 Wheelbarrow
34:19 Ballistics
UnHappy
12:55 Feudal Age
14:46 Double-Bit Axe
14:53 Loom
17:59 Castle Age
16:56 Fletching
17:51 Padded Archer Armor
17:56 Horse Collar
18:38 Crossbowman
26:20 Bodkin Arrow
29:43 Ballistics
33:36 Leather Archer Armor
36:00 Gold Mining
36:21 Bow Saw
36:22 Treadmill Crane
42:33 Imperial Age
40:41 Masonry
poor guy
4:36 Loom
13:50 Feudal Age
17:01 Double-Bit Axe
19:52 Castle Age
18:47 Fletching
22:27 Bow Saw
25:56 Heavy Cavalry Archer
27:02 Domestication
27:50 Bodkin Arrow
27:55 Padded Archer Armor
28:54 Thumb Ring
33:52 Wheelbarrow
41:19 Hand Cart
41:31 Gold Mining
あおぞら ひかり
3:50 Loom
13:57 Feudal Age
17:53 Castle Age
15:40 Double-Bit Axe
15:36 Horse Collar
20:46 Fletching
22:01 Bow Saw
25:57 Bodkin Arrow
26:03 Padded Archer Armor
26:56 Gold Mining
27:45 Wheelbarrow
26:56 Town Watch
29:10 Ballistics
31:06 Bloodlines
30:57 Husbandry
36:41 Imperial Age
35:24 Leather Archer Armor
37:56 Bracer
39:47 Chemistry
40:07 Parthian Tactics
39:47 Thumb Ring
40:13 Capped Ram
41:21 Conscription
41:23 Drill
41:42 Siege Ram
Fantom7
15:41 Feudal Age
21:09 Castle Age
20:54 Loom
22:02 Horse Collar
22:09 Double-Bit Axe
23:44 Fletching
25:24 Heavy Plow
34:07 Bow Saw
33:50 Gold Mining
38:29 Imperial Age
36:37 Wheelbarrow
38:37 Elite Conquistador
39:58 Bloodlines
39:49 Husbandry
40:34 Padded Archer Armor
Silver_Storm
5:42 Loom
13:24 Feudal Age
14:10 Double-Bit Axe
14:56 Horse Collar
19:58 Wheelbarrow
22:51 Castle Age
22:55 Bloodlines
23:00 Fletching
33:39 Bow Saw
36:42 Corvinian Army
37:54 Scale Barding Armor
41:13 Chain Barding Armor
Dis
3:07 Loom
13:24 Feudal Age
14:12 Double-Bit Axe
13:56 Man-at-Arms
17:13 Scale Mail Armor
18:13 Horse Collar
19:04 Long Swordsman
27:20 Castle Age
26:06 Forging
27:27 Two-Handed Swordsman
29:02 Wheelbarrow
28:44 Bow Saw
30:47 Heavy Plow
35:22 Hand Cart
36:01 Gold Mining
36:01 Stone Mining
37:46 Fortified Wall
40:38 Imperial Age
38:54 Gold Shaft Mining
38:38 Masonry
38:58 Treadmill Crane
39:48 Ballistics
40:09 Padded Archer Armor
40:00 Fletching
42:33 Chemistry
40:57 Champion
41:23 Gambesons
41:23 Arson
41:39 Squires
41:24 Elite Composite Bowman
42:22 Chain Mail Armor
42:42 Iron Casting
42:05 Bodkin Arrow
42:27 Leather Archer Armor
43:08 Conscription
Connection lost

Rejoining the realm…

Still unreachable

The connection could not be restored.

Session expired

The server has moved on; the page needs a fresh start.